Map: Lightshade LE

Players

Maru - Winner!

  • Race: Terran Terran
  • League: Master
  • Spawn Location: 11:00

PartinG

  • Race: Protoss Protoss
  • League: Grandmaster
  • Spawn Location: 5:00

Event: TSL 6

VOD

Have the link to the VOD?

Description

Time

  • Played on: Dec. 12, 2020, 2:58 a.m.
  • Length: 11:15

All games in this series

Show
View Real Time Build Order
Export as new Build Order

Maru Terran - Winner!

Build Orders:  

Get SALT Encoding   

  12  0:00  SCV  
  13  0:16  Supply Depot  
  13  0:17  SCV  
  14  0:29  SCV  
  15  0:38  Barracks  
  15  0:41  SCV  
  16  0:46  Refinery  
  16  0:54  SCV  
  16  0:56  Refinery  
  17  1:06  SCV  
  18  1:18  SCV  
  19  1:26  Reaper  
  19  1:30  Orbital Command  
  20  1:34  Supply Depot  
  20  1:47  Bunker  
  20  1:56  Factory  
  20  1:57  SCV  
  20  1:58  Reaper  
  22  2:15  SCV  
  23  2:16  Bunker  
  23  2:24  Engineering Bay  
  23  2:27  SCV  
  24  2:31  Reaper  
  25  2:39  Hellion, SCV  
  27  2:45  Supply Depot  
  27  2:51  SCV  
  28  2:52  Starport  
  28  3:00  Hellion  
  28  3:04  SCV  
  31  3:19  Supply Depot, SCV  
  29  3:29  Factory Tech Lab  
  29  3:30  Command Center  
  29  3:31  SCV  
  30  3:43  SCV  
  34  3:56  SCV  
  35  4:03  Command Center  
  35  4:07  Siege Tank  
  35  4:08  SCV  
  36  4:14  Barracks  
  36  4:17  Starport Tech Lab  
  36  4:20  SCV  
  37  4:30  Barracks  
  37  4:33  SCV  
  37  4:35  Raven  
  40  4:40  Siege Tank  
  40  4:45  SCV  
  44  4:57  SCV  
  45  5:05  Barracks Reactor  
  45  5:06  Orbital Command  
  45  5:09  SCV  
  45  5:14  Siege Tank  
  49  5:21  Orbital Command, SCV  
  50  5:28  Refinery  
  50  5:29  Bunker  
  50  5:33  SCV  
  51  5:36  SCV  
  51  5:40  Marauder, Stimpack  
  51  5:42  Marine  
  54  5:46  Widow Mine  
  54  5:47  Marine  
  54  5:48  SCV x2  
  58  5:57  SCV  
  58  6:00  SCV  
  58  6:01  Engineering Bay  
  58  6:02  Marine  
  58  6:03  Supply Depot, Marauder  
  62  6:05  SCV  
  62  6:08  Marine  
  62  6:09  Siege Tank, SCV  
  68  6:12  SCV  
  68  6:18  Medivac, SCV  
  68  6:28  Marauder, Marine  
  68  6:32  SCV x2  
  67  6:36  SCV  
  64  6:41  Bunker  
  64  6:43  Siege Tank  
  67  6:50  Refinery  
  67  6:51  Starport Reactor  
  67  6:53  Engineering Bay  
  65  7:01  SCV x3  
  65  7:06  Bunker  
  68  7:10  Supply Depot  
  68  7:12  Marine  
  68  7:13  Marauder, Marine  
  72  7:24  SCV  
  72  7:25  SCV x2  
  71  7:31  Marine x2  
  71  7:34  Marauder  
  71  7:36  Siege Tank  
  78  7:38  Combat Shield  
  78  7:42  Supply Depot  
  78  7:45  SCV x2  
  78  7:50  Engineering Bay  
  79  7:56  Terran Infantry Weapons Level 1, Marauder, SCV  
  79  8:00  Medivac  
  81  8:07  Supply Depot  
  81  8:12  Marine x2  
  81  8:17  Medivac  
  81  8:19  Barracks  
  84  8:21  Terran Infantry Armor Level 1  
  84  8:22  SCV x2  
  84  8:23  Supply Depot  
  84  8:26  Factory Reactor  
  86  8:31  Supply Depot x2  
  86  8:36  SCV x3  
  86  8:40  Marauder, Marine x2  
  92  8:42  Supply Depot  
  92  8:52  Medivac x2  
  92  8:54  Supply Depot  
  96  8:57  Concussive Shells, Marine  
  96  9:01  Marauder  
  99  9:03  Widow Mine  
  99  9:06  Widow Mine  
  103  9:11  Barracks  
  103  9:13  Barracks, SCV x2  
  103  9:16  Orbital Command  
  105  9:18  Armory  
  100  9:25  SCV x2  
  100  9:27  Widow Mine x2  
  100  9:30  Medivac x2  
  104  9:37  SCV  
  104  9:38  SCV  
  106  9:39  Marauder  
  106  9:45  SCV  
  109  9:47  Marauder  
  109  9:49  SCV  
  109  9:52  Widow Mine  
  114  10:09  Marauder, Marine  
  114  10:12  Barracks Reactor, Barracks Tech Lab  
  111  10:14  Medivac x2, Widow Mine x2  
  111  10:15  SCV x2  
  111  10:16  SCV  
  114  10:29  Marauder, Marine  
  114  10:31  Marauder  
  117  10:36  Widow Mine x2  
  117  10:41  SCV  
  117  10:42  SCV  
  118  10:43  SCV  
  118  10:44  Medivac, Refinery x2  
  118  10:49  Supply Depot, Marine  
  120  10:51  Marauder  
  120  11:00  SCV  
  125  11:01  Supply Depot  
Show
View Real Time Build Order
Export as new Build Order

PartinG Protoss 

Build Orders: 1 Gate Expand, Blink Stalkers 

Get SALT Encoding   

  12  0:00  Probe  
  13  0:12  Probe  
  14  0:17  Pylon  
  14  0:24  Probe  
  15  0:35  Gateway  
  15  0:37  Probe (Chrono Boost)  
  16  0:47  Assimilator, Probe (Chrono Boost)  
  17  0:51  Probe (Chrono Boost)  
  18  1:03  Probe  
  19  1:15  Probe  
  20  1:22  Cybernetics Core  
  20  1:23  Zealot  
  22  1:25  Pylon  
  22  1:42  Nexus  
  22  1:57  Assimilator  
  22  2:01  Pylon  
  22  2:04  Adept (Chrono Boost)  
  23  2:17  Warp Gate  
  23  2:19  Shield Battery  
  23  2:25  Probe  
  23  2:27  Adept (Chrono Boost)  
  26  2:38  Probe  
  27  2:49  Stalker, Pylon  
  27  2:50  Probe  
  30  3:10  Probe  
  29  3:13  Twilight Council  
  29  3:25  Probe  
  26  3:36  Nexus  
  26  3:40  Probe  
  27  3:46  Gateway, Blink (Chrono Boost)  
  27  3:58  Probe  
  28  4:05  Stalker  
  30  4:11  Probe  
  31  4:23  Gateway  
  31  4:26  Probe  
  32  4:32  Stalker  
  34  4:38  Gateway  
  34  4:41  Sentry  
  34  4:42  Probe  
  37  4:57  Stalker  
  39  5:06  Probe x2  
  41  5:10  Pylon  
  41  5:16  Stalker  
  41  5:17  Phoenix, Stalker  
  41  5:21  Probe x2  
  47  5:27  Stalker  
  49  5:33  Probe x2  
  51  5:41  Stalker x2  
  55  5:49  Stalker  
  57  5:52  Stalker  
  57  5:56  Probe x2  
  61  6:02  Pylon  
  61  6:03  Pylon  
  61  6:16  Probe  
  62  6:21  Stalker x4  
  70  6:27  Phoenix  
  62  6:40  Probe  
  62  6:41  Probe  
  62  6:42  Assimilator  
  62  6:43  Assimilator  
  62  6:45  Stalker x3  
  70  6:48  Robotics Facility  
  70  7:05  Stalker  
  70  7:06  Probe x2  
  74  7:10  Pylon  
  74  7:11  Pylon  
  74  7:17  Stalker  
  74  7:18  Probe x2  
  74  7:29  Charge  
  72  7:33  Probe x2  
  72  7:38  Templar Archives  
  72  7:44  Nexus  
  72  7:45  Pylon  
  72  7:55  Psionic Storm  
  64  8:01  Probe x2  
  64  8:02  Warp Prism (Chrono Boost)  
  66  8:09  Zealot x4  
  74  8:20  Gateway  
  74  8:23  Gateway  
  74  8:30  High Templar x2  
  78  8:40  Probe x2  
  80  8:42  Zealot, High Templar  
  80  8:45  Observer  
  85  8:48  Pylon  
  85  8:51  Shield Battery  
  85  8:55  Gateway  
  85  8:56  Gateway  
  85  8:57  Probe x2  
  85  8:59  Probe  
  85  9:02  Pylon  
  88  9:08  High Templar  
  88  9:09  Zealot, High Templar  
  94  9:16  Zealot x2  
  98  9:30  Observer  
  98  9:31  Zealot, High Templar  
  99  9:37  Probe x3  
  104  9:39  Pylon  
  104  9:41  Assimilator  
  104  9:42  Forge  
  104  9:45  Assimilator, High Templar  
  106  9:47  Pylon  
  106  9:51  Pylon  
  106  9:53  Zealot x2  
  106  9:57  Archon x2  
  106  9:59  Zealot x3  
  114  10:01  Zealot  
  112  10:12  Zealot  
  90  10:15  Zealot x2  
  90  10:19  Observer  
  95  10:22  Zealot  
  95  10:23  Zealot x3  
  89  10:34  Zealot  
  89  10:35  Zealot x2  
  79  10:43  Zealot x3  
  79  10:46  Zealot  
  83  10:56  Zealot x3  
Tags
 
Add a new tag
Caveats
  • Supply blocks, unpowered buildings, or Contaminate may cause inaccurate times.
  • Supply counts are checked every 10 seconds.